 Dungeon Crawl Stone Soup version 0.18-a0-1088-g34ef3a2 (webtiles) character file.

3011 ater218 the Spear-Bearer (level 9, -22/82 HPs)
             Began as a Minotaur Berserker on Jan 15, 2016.
             Was an Elder of Trog.
             Annihilated by Erolcha
             ... wielding a +6 giant spiked club
              (27 damage)
             ... on level 8 of the Dungeon.
             The game lasted 00:33:12 (6628 turns).

ater218 the Spear-Bearer (Minotaur Berserker)       Turns: 6628, Time: 00:33:12

Health: -22/82     AC: 14    Str: 24    XL:     9   Next: 55%
Magic:  8/8        EV: 11    Int:  4    God:    Trog [****..]
Gold:   103        SH:  4    Dex: 14    Spells: 0 memorised, 8 levels left

rFire  + . .     SeeInvis .     s - +3 trident (pierce)
rCold  + . .     Gourm    .     d - +0 chain mail
rNeg   . . .     Faith    .     m - +0 buckler
rPois  .         Spirit   .     (helmet restricted)
rElec  .         Dismiss  .     g - +0 cloak
rCorr  .         Reflect  .     u - +1 pair of gloves {Dex+3}
SustAt .         Harm     +     (no boots)
MR     ++...                    z - amulet of harm
Stlth  ..........               r - ring of protection from fire
                                b - ring of protection from cold

@: exhausted, regenerating, slowed, very slow, very resistant to hostile
enchantments, extremely unstealthy
A: retaliatory headbutt, horns 2
a: Berserk, Trog's Hand, Brothers in Arms, Burn Spellbooks, Renounce Religion


You were on level 8 of the Dungeon.
You worshipped Trog.
Trog was greatly pleased with you.
You were not hungry.

You visited 2 branches of the dungeon, and saw 10 of its levels.

You collected 350 gold pieces.
You spent 247 gold pieces at shops.

Inventory:

Hand Weapons
 s - a +3 trident of piercing (weapon)
Missiles
 x - 3 tomahawks (quivered)
Armour
 d - a +0 chain mail (worn)
 g - a +0 cloak (worn)
 m - a +0 buckler (worn)
 u - a +1 pair of gloves of dexterity (worn)
Jewellery
 b - a ring of protection from cold (left hand)
 r - a ring of protection from fire (right hand)
 z - an amulet of harm (around neck)
 C - an uncursed ring of protection from fire
Wands
 e - a wand of confusion (32/48)
 o - a wand of magic darts (20/48)
Scrolls
 a - a scroll of fear
 f - 2 scrolls of magic mapping
 h - 3 scrolls of identify
 i - a scroll of blinking
 v - a scroll of teleportation
 y - 2 scrolls of remove curse
 B - a scroll of immolation {unknown}
Potions
 j - 2 potions of heal wounds
 l - 2 potions of lignification
 n - a potion of cancellation {unknown}
 q - 2 potions of agility
 t - 5 potions of curing
 w - 3 potions of might
Comestibles
 c - 2 bread rations
 k - 2 beef jerkies
 p - 2 meat rations
 A - 3 fruits
 D - 4 chunks of flesh


   Skills:
 + Level 8.5 Fighting
 + Level 9.6 Polearms
 + Level 8.1 Armour
 + Level 6.7 Dodging
 - Level 0.1 Stealth
 + Level 2.2 Shields


You had 8 spell levels left.
You didn't know any spells.

Dungeon Overview and Level Annotations

Branches:
Dungeon (9/15)             Temple (1/1) D:6
   Lair: D:8-11         Orc: D:9-12

Altars:
Ashenzari
Cheibriados
Dithmenos
Elyvilon
Fedhas
Gozag
Kikubaaqudgha
Makhleb
Nemelex Xobeh
Okawaru
Pakellas
Qazlal
Ru
Sif Muna
Trog
Vehumet
Xom
Yredelemnul
Zin
The Shining One

Shops:
D:5 *

Annotations:
D:8 Erolcha


Innate Abilities, Weirdness & Mutations

You reflexively headbutt those who attack you in melee.
You have a pair of horns on your head.


Message History

A scorpion comes into view.
You barely miss the shadow imp. The shadow imp hits you.
You hear some strange, mumbled words.
An orb of energy appears from out of thin air!
The orb of energy hits the shadow imp.
The shadow imp dies!
The orb of energy explodes!
The mystic blast hits you!
You feel less confused. Something hits you!
You closely miss something. You headbutt something! Something hits you!
* * * LOW HITPOINT WARNING * * *
Your skin crawls.
You feel resistant to hostile enchantments.
You feel slightly more hungry. Something hits you!!
* * * LOW HITPOINT WARNING * * *
You puncture the scorpion! You headbutt the scorpion.
You kill the scorpion!
Trog accepts your kill. Something hits you!!
You die...

## .. #. # #.
###.##
#.#)######....[.
#..)>)..@...#.#
#...#.))...†...?#
... ########..#.#
# ..# #.. ... ...
##


There were no monsters in sight!

Vanquished Creatures
  Erica (D:8)
  Prince Ribbit (D:5)
  The ghost of skimmer the Bolt Thrower, an amateur MiHu (D:3)
  Menkaure (D:5)
  3 ice beasts
  A sky beast (D:6)
  A phantom (D:6)
  3 ogres
  Blork the orc (D:5)
  A giant frog (D:6)
  A scorpion (D:8)
  3 killer bees (D:7)
  3 giant frog zombies
  3 crimson imps
  A jelly (D:6)
  An orc wizard (D:6)
  A giant frog skeleton (D:5)
  2 orc priests
  2 iguanas (D:5)
  Terence (D:3)
  Ijyb (D:2)
  Natasha (D:2)
  4 worker ants
  A hound skeleton (D:4)
  2 worker ant zombies
  4 gnolls (D:3)
  8 adders
  3 shadow imps
  An ooze (D:3)
  3 adder skeletons
  6 worms
  5 giant geckos
  22 orcs
  2 ball pythons
  6 giant cockroaches
  8 goblins
  3 hobgoblins
  8 jackals
  6 kobolds
  3 quokkas
  7 bats
  9 giant newts
  14 rats
159 creatures vanquished.

Vanquished Creatures (others)
  A shadow imp (D:8)
1 creature vanquished.

Grand Total: 160 creatures vanquished

Notes
Turn   | Place    | Note
--------------------------------------------------------------
     0 | D:1      | ater218 the Minotaur Berserker began the quest for the Orb.
     0 | D:1      | Reached XP level 1. HP: 19/19 MP: 0/0
   270 | D:1      | Reached skill level 4 in Fighting
   732 | D:1      | Reached XP level 2. HP: 21/27 MP: 1/1
  1355 | D:2      | Reached XP level 3. HP: 29/34 MP: 2/2
  1755 | D:2      | Noticed Natasha
  1763 | D:2      | Killed Natasha
  1763 | D:2      | Reached XP level 4. HP: 16/41 MP: 3/3
  1962 | D:2      | Reached ** piety under Trog
  2341 | D:2      | Reached skill level 5 in Fighting
  2453 | D:2      | Noticed Ijyb
  2458 | D:2      | Killed Ijyb
  2591 | D:2      | Reached XP level 5. HP: 48/48 MP: 4/4
  2823 | D:3      | Noticed skimmer's ghost (amateur MiHu)
  2828 | D:3      | Reached skill level 5 in Polearms
  3095 | D:2      | Gained mutation: Your system is resistant to poisons. [potion of mutation]
  3095 | D:2      | Gained mutation: Your magical capacity is low (-10% MP). [potion of mutation]
  3095 | D:2      | Gained mutation: You are partially covered in rough black scales (AC +4, Dex -1). [potion of mutation]
  3096 | D:2      | Lost mutation: Your magical capacity is low (-10% MP). [potion of cure mutation]
  3096 | D:2      | Lost mutation: You are partially covered in rough black scales (AC +4, Dex -1). [potion of cure mutation]
  3096 | D:2      | Lost mutation: Your system is resistant to poisons. [potion of cure mutation]
  3141 | D:3      | Killed skimmer's ghost
  3141 | D:3      | Reached XP level 6. HP: 57/57 MP: 5/5
  3153 | D:3      | Noticed Terence
  3199 | D:3      | Killed Terence
  3266 | D:3      | Reached *** piety under Trog
  3518 | D:3      | Found a basalt altar of Yredelemnul.
  3613 | D:3      | Found a glowing golden altar of the Shining One.
  3727 | D:4      | Reached skill level 6 in Polearms
  3855 | D:4      | Got an ancient robe
  3866 | D:4      | Identified the +1 robe "Gairriywn" {rElec} (You found it on level 4 of the Dungeon)
  3988 | D:4      | Noticed an ice beast
  3992 | D:4      | Killed an ice beast
  3992 | D:4      | Reached skill level 5 in Dodging
  3992 | D:4      | Reached XP level 7. HP: 63/63 MP: 6/6
  4117 | D:5      | Entered Level 5 of the Dungeon
  4141 | D:5      | Found a radiant altar of Vehumet.
  4403 | D:5      | Got a brightly glowing short sword
  4414 | D:5      | Noticed Blork the orc
  4418 | D:5      | Killed Blork the orc
  4566 | D:5      | Found Geing's Assorted Antiques.
  4566 | D:5      | Noticed Menkaure
  4574 | D:5      | Killed Menkaure
  4574 | D:5      | Reached skill level 7 in Polearms
  4646 | D:5      | Bought a runed trident for 108 gold pieces
  4646 | D:5      | Bought a pair of embroidered gloves for 139 gold pieces
  4707 | D:5      | Found a burning altar of Makhleb.
  4762 | D:5      | Noticed Prince Ribbit
  4803 | D:5      | Reached XP level 8. HP: 70/73 MP: 7/7
  4918 | D:5      | Killed Prince Ribbit
  5311 | D:6      | Reached skill level 8 in Polearms
  5311 | D:6      | Reached skill level 5 in Armour
  5521 | D:6      | Reached **** piety under Trog
  5639 | D:6      | Found a staircase to the Ecumenical Temple.
  5690 | Temple   | Entered the Ecumenical Temple
  5981 | D:6      | Reached skill level 1 in Shields
  6163 | D:6      | Reached XP level 9. HP: 80/80 MP: 8/8
  6412 | D:7      | Reached skill level 9 in Polearms
  6584 | D:7      | You fall through a shaft for 2 floors!
  6607 | D:8      | Noticed Erica
  6611 | D:8      | Killed Erica
  6619 | D:8      | Noticed Erolcha
  6627 | D:8      | HP: 3/82 [something (23)]
  6628 | D:8      | Annihilated by Erolcha

Vault maps used:
D:1:      roderic_lyre
D:2:      serial_forest, infiniplex_forest_zigzag_2, infiniplex_forest_lined_2,
          infiniplex_forest_lined_room_2, infiniplex_forest_clump_tiny,
          infiniplex_forest_clump_small, infiniplex_forest_diagonal,
          infiniplex_forest_straight_1, infiniplex_forest_lined_2, uniq_natasha,
          uniq_iyjb
D:3:      marbit_many_paths, tso_altar, first_bread, uniq_terence
D:5:      overflow_temple_1_default, basic_altar, serial_shops, shop,
          uniq_blork_the_orc, uniq_menkaure, uniq_prince_ribbit1
D:6:      minmay_temple_entry_overgrown
D:7:      minmay_misc_feat_rows, grunt_decor_mini_mirrors, lemuel_flamethrower_1
D:8:      enter_bailey_3, uniq_erica, uniq_erolcha
D:9:      hangedman_tree_tricks
Temple:   minmay_crystal_snake_temple_18

Action                   |  1- 3 |  4- 6 |  7- 9 || total
-------------------------+-------+-------+-------++-------
Melee: Spear             |    72 |   115 |       ||   187
       Halberd           |       |    29 |    49 ||    78
       Trident           |       |       |   148 ||   148
Invok: Berserk           |       |     3 |     7 ||    10
       Trog's Hand       |       |     3 |     3 ||     6
       Burn Spellbooks   |       |       |     1 ||     1
  Use: Potion            |     1 |     6 |     5 ||    12
       Scroll            |       |     6 |     6 ||    12
  Eat: Chunk             |     3 |    10 |    12 ||    25
       Royal jelly       |       |       |     1 ||     1
       Bread ration      |       |       |     1 ||     1
